 Dungeon Crawl Stone Soup version 0.14-a0-1721-g84c87b2 (webtiles) character file.

247 Kae the Ruffian (level 4, 0/35 HPs)
             Began as a Draconian Transmuter on Jan 2, 2014.
             Succumbed to a kobold's curare-tipped needle
             ... on Level 3 of the Dungeon.
             The game lasted 00:02:10 (1867 turns).

Kae the Ruffian (Draconian Transmuter)              Turns: 1867, Time: 00:02:10

HP   0/35        AC  6     Str 18      XL: 4   Next: 68%
MP   7/7         EV 12     Int 13      God:
Gold 132         SH  0     Dex 12      Spells:  3 memorised,  1 level left

rFire  . . .     SeeInvis .       - Unarmed
rCold  . . .     Clarity  .     (armour unavailable)
rNeg   . . .     Conserve .     (no shield)
rPois  .         rCorr    .     (helmet restricted)
rElec  .         rRot     .     (no cloak)
SustAb . .       Spirit   .     (no gloves)
rMut   .         Warding  .     m - +0 pair of boots
Saprov . . .     Stasis   .     (no amulet)
                                (no ring)
                                (no ring)

@: short of breath, mighty, quite poisoned, slowed, very slow, slightly
resistant to hostile enchantments, unstealthy
A: unfitting armour, AC +5
a: no special abilities


You were on level 3 of the Dungeon.
You were hungry.

You visited 1 branch of the dungeon, and saw 3 of its levels.

You collected 132 gold pieces.

Inventory:

Missiles
 b - 12 arrows
 i - 18 arrows of frost
 t - 2 tomahawks (quivered)
Armour
 m - a +0 pair of boots (worn)
Comestibles
 a - 3 bread rations
 f - 2 meat rations
 g - a choko
Scrolls
 c - a scroll of blinking {unknown}
 e - 3 scrolls of remove curse {unknown}
 j - 2 scrolls of magic mapping {unknown}
 n - a scroll of random uselessness {unknown}
 q - a scroll of fog {unknown}
Jewellery
 o - a +2 ring of dexterity {unknown}
 p - an uncursed amulet of resist mutation {unknown}
Potions
 h - a potion of invisibility {unknown}
 k - a potion of degeneration {unknown}
 l - a potion of might
 r - a potion of restore abilities {unknown}
 s - 3 potions of curing {unknown}
Books
 d - a book of Changes

   Spells                             Type                      Level
   *Beastly Appendage                 Transmutation                1
   *Sticks to Snakes                  Transmutation                2
   *Spider Form                       Transmutation/Poison         3
   Ice Form                           Ice/Transmutation            4
   Blade Hands                        Transmutation                5


   Skills:
 - Level 1.1 Fighting
 - Level 1.7 Dodging
 * Level 4.8 Unarmed Combat
 - Level 2.0 Spellcasting
 + Level 3.1 Transmutations


You had one spell level left.
You knew the following spells:

 Your Spells              Type           Power        Failure   Level  Hunger
a - Beastly Appendage     Trmt           #.....       10%         1    ##.....
b - Sticks to Snakes      Trmt           #.........   12%         2    ###....
c - Spider Form           Trmt/Pois      #.........   38%         3    ####...


Dungeon Overview and Level Annotations

Branches:
Dungeon (3/16)

Altars:
Vehumet
Xom


Message History

Your transformation is almost over.
Your horns disappear.
A kobold comes into view. It is wielding a club.
The kobold unwields an uncursed club.
The kobold wields a blowgun.
The kobold shoots a curare-tipped needle.
The curare-tipped needle hits you!
You are poisoned.
You have difficulty breathing.
You feel yourself slow down.
You see here a curare-tipped needle.
You feel sick.
The kobold shoots a curare-tipped needle.
The curare-tipped needle hits you!
You are more poisoned.
You have difficulty breathing.
* * * LOW HITPOINT WARNING * * *
You feel as though you will be slow longer.
Drink which item? (? for menu, Esc to quit)
You feel very mighty all of a sudden.
It was a potion of might.
You die...

### #..
#.#########..
#.#.(......K.
##
#.#@#######.#
##.. ##.#.#
.....##....#
. #.........#
#.#
######.####
#.# #.# #.#
#.# #.# . #.#
#.# #.# #.#
#.#


You could see a kobold.

Vanquished Creatures
  An orc priest (D:3)
  An adder (D:2)
  A giant mite (D:2)
  A worm (D:2)
  An ooze (D:2)
  7 orcs (D:3)
  13 bats
  A giant cockroach (D:1)
  8 hobgoblins
  3 giant geckos (D:1)
  6 giant newts
  6 goblins
  A kobold (D:1)
  9 rats
59 creatures vanquished.

Notes
Turn   | Place    | Note
--------------------------------------------------------------
     0 | D:1      | Kae, the Draconian Transmuter, began the quest for the Orb.
     0 | D:1      | Reached XP level 1. HP: 16/16 MP: 3/3
   181 | D:1      | Reached XP level 2. HP: 11/23 MP: 4/4
   905 | D:1      | Reached XP level 3. HP: 26/28 MP: 6/6
   966 | D:2      | Reached skill level 4 in Unarmed Combat
  1146 | D:2      | Learned a level 2 spell: Sticks to Snakes
  1150 | D:2      | Learned a level 3 spell: Spider Form
  1199 | D:2      | Found a shimmering altar of Xom.
  1441 | D:2      | Found a radiant altar of Vehumet.
  1657 | D:2      | Reached XP level 4. HP: 35/35 MP: 5/7
  1866 | D:3      | HP: 1/35 [asphyx]
  1867 | D:3      | Succumbed to a kobold's curare-tipped needle

Action                   |  1- 3 |  4- 6 || total
-------------------------+-------+-------++-------
Melee: Unarmed           |   170 |    31 ||   201
 Cast: Beastly Appendage |    15 |     3 ||    18
  Use: Potion            |       |     1 ||     1
 Stab: Sleeping          |     1 |       ||     1
